 Dungeon Crawl Stone Soup version 0.23.2-33-g5129a83184 (webtiles) character file.

Game seed: 17377207218595481383

2942 DorianNounverber the Geomancer (level 9, -14/54 HPs)
             Began as a Gargoyle Earth Elementalist on July 19, 2019.
             Was a Follower of Vehumet.
             Killed from afar by a gargoyle (24 damage)
             ... with a stone arrow
             ... on level 8 of the Dungeon.
             The game lasted 00:21:23 (9525 turns).

DorianNounverber the Geomancer (GrEE)               Turns: 9525, Time: 00:21:24

Health: -14/54     AC:  9    Str: 11    XL:     9   Next: 80%
Magic:  5/28       EV: 15    Int: 20    God:    Vehumet [*.....]
Gold:   369        SH:  0    Dex: 10    Spells: 5/21 levels left

rFire    . . .     SeeInvis .   J - +3 long sword
rCold    . . .     Gourm    .   (no shield)
rNeg     + . .     Faith    .   c - +0 robe
rPois    ∞         Spirit   .   B - +0 helmet
rElec    +         Reflect  .   (no cloak)
rCorr    .         Harm     .   (no gloves)
MR       .....                  (no boots)
Stlth    ++........             (no amulet)
HPRegen  0.18/turn              e - ring of magical power
MPRegen  0.21/turn              m - +2 ring of evasion

@: no status effects
A: negative energy resistance 1, electricity resistance, unbreathing,
petrification resistance, rot immunity, AC +6
a: Renounce Religion


You were on level 8 of the Dungeon.
You worshipped Vehumet.
Vehumet was aware of your devotion.
You were not hungry.

You visited 2 branches of the dungeon, and saw 9 of its levels.
You also visited: Ossuary.

You collected 369 gold pieces.

Inventory:

Hand Weapons
 a - a +0 club
 l - a +0 mace
 w - a +0 flail
 A - a +0 morningstar
 H - a +0 great mace
 I - a +1 dagger of draining
 J - a +3 long sword (weapon)
Missiles
 b - 171 stones (quivered)
Armour
 c - a +0 robe (worn)
 B - a +0 helmet (worn)
Jewellery
 e - a ring of magical power (left hand)
 m - a +2 ring of evasion (right hand)
 P - an uncursed ring of magical power
Wands
 N - a wand of random effects (20)
Scrolls
 g - 2 scrolls of amnesia {unknown}
 h - 9 scrolls of identify {unknown}
 j - a scroll of blinking {unknown}
 k - 7 scrolls of immolation {unknown}
 n - 7 scrolls of teleportation {unknown}
 p - 2 scrolls of noise {unknown}
 t - 5 scrolls of remove curse {unknown}
 u - a scroll of enchant armour {unknown}
 v - 3 scrolls of enchant weapon {unknown}
 x - 2 scrolls of fear {unknown}
 y - 4 scrolls of magic mapping {unknown}
 D - a scroll of summoning {unknown}
 G - a scroll of fog {unknown}
 M - a scroll of vulnerability {unknown}
 O - a scroll of brand weapon {unknown}
Potions
 f - 4 potions of heal wounds {unknown}
 i - a potion of degeneration {unknown}
 o - 2 potions of haste
 q - 2 potions of cancellation {unknown}
 r - a potion of berserk rage {unknown}
 s - 2 potions of brilliance {unknown}
 z - a potion of resistance
 C - 3 potions of magic {unknown}
 E - 2 potions of lignification {unknown}
 F - 2 potions of invisibility {unknown}
 K - a potion of agility {unknown}
 L - a potion of flight {unknown}
Comestibles
 d - 3 rations


   Skills:
 + Level 5.1 Fighting
 + Level 4.3 Dodging
 - Level 2.1 Stealth
 * Level 6.7 Spellcasting
 + Level 5.1 Conjurations
 - Level 0.7 Transmutations
 * Level 9.2 Earth Magic
 + Level 1.3 Evocations


You had 5 spell levels left.
You knew the following spells:

 Your Spells              Type           Power        Failure   Level  Hunger
a - Sandblast             Erth           #####.       1%          1    None
b - Stone Arrow           Conj/Erth      #####.       1%          3    #......
c - Petrify               Tmut/Erth      ####....     12%         4    ###....
d - Lee's Rapid Deconstr  Erth           #####.....   6%          5    #####..
e - Dazzling Spray        Conj/Hex       ###...       11%         3    #......

Your spell library contained the following spells:

 Spells                   Type           Power        Failure   Level  Hunger
 Freeze                   Ice            #...         10%         1    None
 Passwall                 Tmut/Erth      ####....     1%          2    None
 Corona                   Hex            #......      10%         1    None
 Ensorcelled Hibernation  Hex/Ice        #.....       14%         2    None
 Confuse                  Hex            #.......     28%         3    #......
 Tukima's Dance           Hex            #.......     28%         3    #......


Dungeon Overview and Level Annotations

Branches:
Dungeon (8/15)             Temple (1/1) D:4
   Lair: D:8-11

Altars:
Ashenzari
Cheibriados
Dithmenos
Elyvilon
Fedhas
Gozag
Hepliaklqana
Kikubaaqudgha
Makhleb
Nemelex Xobeh
Okawaru
Qazlal
Ru
Sif Muna
Uskayaw
Vehumet
Wu Jian
Xom
Yredelemnul
Zin
The Shining One


Innate Abilities, Weirdness & Mutations

You are resistant to torment.
Your stone body is resilient. (AC +6)
You are immune to poison.
You resist negative energy. (rN+)
You are resistant to electric shocks. (rElec)
You can survive without breathing.
You are immune to petrification.
You are immune to rotting.


Message History

Casting: Sandblast (safe; 1% risk of failure)
Confirm with . or Enter, or press ? or * to list all spells.
Aiming: Stone Arrow (safe; 1% risk of failure)
Press: ? - help, Shift-Dir - straight line, f/p - gargoyle
Aim: a gargoyle, wielding a -1 flail (lightly damaged)
The stone arrow hits the gargoyle!!
The gargoyle is almost destroyed.
The gargoyle hurls a stone arrow at you.
The stone arrow hits you!
* * * LOW HITPOINT WARNING * * *
Casting: Stone Arrow (safe; 1% risk of failure)
Confirm with . or Enter, or press ? or * to list all spells.
Aiming: Stone Arrow (safe; 1% risk of failure)
Press: ? - help, Shift-Dir - straight line, f/p - gargoyle
Aim: a gargoyle, wielding a -1 flail (almost destroyed)
The stone arrow hits the gargoyle but does no damage.
The gargoyle is almost destroyed.
The gargoyle hurls a stone arrow at you.
The stone arrow hits you!!
You die...

#.### #.#.##
#....##
#.....
##...####..9
#.......'...
#...# ##9##
#@# #.# #.#
#.# #.# #.#
##.#######
#.........
#.########


You could see a gargoyle.

Vanquished Creatures
  Joseph (D:7)
  Sigmund (D:6)
  Eustachio (D:5)
  Duvessa (D:7)
  An orc warrior (D:6)
  A sky beast (D:8)
  2 ice beasts (D:6)
  6 ogres
  A centaur (D:7)
  A bullfrog (D:8)
  3 scorpions
  Dowan (D:7)
  A crimson imp (D:2)
  A bullfrog zombie (D:8)
  2 human zombies (Ossuary)
  2 hounds
  2 jellies
  2 orc priests
  4 orc wizards
  4 iguanas
  5 worker ants
  2 big kobold zombies (Ossuary)
  2 hound zombies
  5 mummies
  2 hound skeletons
  A howler monkey zombie (D:7)
  3 gnolls (D:3)
  7 adders
  A shadow imp (D:5)
  2 adder zombies
  An adder skeleton (D:3)
  A worm (D:3)
  3 dart slugs
  A leopard gecko (D:6)
  13 orcs
  A ball python (D:1)
  3 giant cockroaches
  2 gnoll zombies (Ossuary)
  15 goblins
  8 hobgoblins
  5 jackals
  8 kobolds
  3 quokkas
  6 bats
  6 frilled lizards
  A hobgoblin zombie (Ossuary)
  2 jackal zombies (Ossuary)
  An orc zombie (Ossuary)
  A quokka zombie (D:7)
  7 rats
156 creatures vanquished.

Notes
Turn   | Place    | Note
-------+----------+-------------------------------------------
     0 | D:1      | DorianNounverber the Gargoyle Earth Elementalist began the
                  | quest for the Orb.
     0 | D:1      | Reached XP level 1. HP: 10/10 MP: 3/3
   161 | D:1      | Reached XP level 2. HP: 9/16 MP: 1/5
   423 | D:1      | Reached skill level 4 in Earth Magic
   836 | D:1      | Reached skill level 1 in Fighting
   838 | D:1      | Reached XP level 3. HP: 3/20 MP: 2/6
   843 | D:1      | Learned a level 3 spell: Stone Arrow
  1787 | D:2      | Found a sacrificial altar of Ru.
  1974 | D:2      | Reached XP level 4. HP: 18/25 MP: 8/8
  2124 | D:2      | Reached skill level 1 in Conjurations
  2127 | D:2      | Reached XP level 5. HP: 22/30 MP: 9/9
  2159 | D:2      | Learned a level 4 spell: Petrify
  2482 | D:2      | Found a burning altar of Makhleb.
  2483 | D:2      | Found an opulent altar of Gozag.
  2484 | D:2      | Found a blossoming altar of Fedhas.
  2488 | D:2      | Found a glowing silver altar of Zin.
  2784 | D:2      | Reached skill level 5 in Earth Magic
  3321 | D:3      | Reached XP level 6. HP: 20/35 MP: 0/11
  4206 | D:4      | Found a staircase to the Ecumenical Temple.
  4214 | Temple   | Entered the Ecumenical Temple
  4598 | D:4      | Found a deep blue altar of Sif Muna.
  4925 | D:4      | Found a hazy altar of Hepliaklqana.
  4954 | D:4      | Reached XP level 7. HP: 40/40 MP: 8/12
  4980 | D:4      | Learned a level 5 spell: Lee's Rapid Deconstruction
  5127 | D:4      | Reached skill level 6 in Earth Magic
  5427 | D:5      | Entered Level 5 of the Dungeon
  5433 | D:5      | Found a sand-covered staircase.
  5446 | Ossuary  | Entered an ossuary
  6340 | D:5      | Reached XP level 8. HP: 46/46 MP: 15/15
  6345 | D:5      | Learned a level 3 spell: Dazzling Spray
  6388 | D:5      | Found a radiant altar of Vehumet.
  6391 | D:5      | Became a worshipper of Vehumet
  6421 | D:5      | Reached skill level 7 in Earth Magic
  6534 | D:5      | Noticed Eustachio
  6542 | D:5      | Killed Eustachio
  6542 | D:5      | Reached skill level 5 in Spellcasting
  7234 | D:6      | Noticed Sigmund
  7264 | D:6      | Killed Sigmund
  7264 | D:6      | Reached skill level 8 in Earth Magic
  7447 | D:6      | Reached XP level 9. HP: 52/52 MP: 15/17
  8542 | D:7      | Noticed Joseph
  8548 | D:7      | Killed Joseph
  8762 | D:7      | Reached skill level 9 in Earth Magic
  8824 | D:7      | Noticed Dowan
  8825 | D:7      | Noticed Duvessa
  8828 | D:7      | Killed Dowan
  8828 | D:7      | Reached * piety under Vehumet
  8828 | D:7      | Offered knowledge of Freeze by Vehumet.
  8828 | D:7      | Reached skill level 1 in Evocations
  8834 | D:7      | Killed Duvessa
  8834 | D:7      | Reached skill level 5 in Fighting
  9067 | D:7      | Found an ornate altar of the Wu Jian Council.
  9407 | D:8      | Reached skill level 5 in Conjurations
  9502 | D:8      | Noticed a gargoyle
  9525 | D:8      | Killed from afar by a gargoyle

Skill      XL: |  1  2  3  4  5  6  7  8  9 |
---------------+----------------------------+-----
Earth Magic    | 4 5 6 8 9 |  9.2
Fighting       | 1 2 3 4 5 |  5.1
Dodging        | 2 3 4 |  4.3
Conjurations   | 1 2 3 4 5 |  5.1
Spellcasting   | 3 4 5 6 |  6.7
Evocations     | 1 |  1.3
Stealth        | |  2.1
Transmutations | |  0.7

Action                   |  1- 3 |  4- 6 |  7- 9 || total
-------------------------+-------+-------+-------++-------
Melee: Unarmed           |    24 |       |       ||    24
       Club              |    81 |       |       ||    81
       Mace              |    15 |    71 |       ||    86
       Flail             |       |    10 |       ||    10
       Morningstar       |       |       |    61 ||    61
       Long sword        |       |       |     6 ||     6
 Cast: Sandblast         |    13 |    34 |    48 ||    95
       Stone Arrow       |     1 |    34 |   116 ||   151
 Stab: Distracted        |     1 |       |       ||     1
       Sleeping          |       |     1 |     1 ||     2
  Eat: Chunk             |     1 |     6 |     5 ||    12
       Ration            |     1 |     2 |     4 ||     7
Armor: Robe              |    55 |    39 |    41 ||   135
Dodge: Dodged            |   109 |   111 |   124 ||   344
       Rpst.: Long sword |       |       |     1 ||     1
